 Dungeon Crawl Stone Soup version 0.29.1-14-g9c671dbff4 (webtiles) character file.

Game seed: 1976575644025100074

4 javelincjr the Magician (level 1, 11/15 HPs)
             Began as a Djinni Conjurer on Feb 16, 2023.
             Was a Follower of Zin.
             Quit the game on level 1 of the Dungeon.
             The game lasted 00:01:10 (153 turns).

javelincjr the Magician (Djinni Conjurer)            Turns: 153, Time: 00:01:11

Health: 11/15      AC:  3    Str:  6    XL:     1   Next: 66%
Gold:   0          EV: 12    Int: 19    God:    Zin [*.....] SH:  0 Dex: 11

rFire   + + .      SeeInvis .   (no weapon)
rCold   x . .      Faith    .   (no shield)
rNeg    . . .      Spirit   .   a - +0 robe
rPois   ∞          Reflect  .   c - +0 helmet
rElec   .          Harm     .   (no cloak)
rCorr   .          Rampage  .   (no gloves)
Will    .....                   (boots unavailable)
Stlth   ++........              (no amulet)
HPRegen 0.05/turn               (no ring)
MPRegen 0.00/turn               (no ring)

@: flying
A: sickness immunity, fire resistance 2, cold vulnerability 1, float, innate
caster, HP casting, extra vitality 1
a: Renounce Religion, Recite, Donate Gold


You were on level 1 of the Dungeon.
You worshipped Zin.
Zin was aware of your devotion.
You visited 1 branch of the dungeon, and saw 1 of its levels.

Inventory:

Armour
 a - a +0 robe (worn)
 c - a +0 helmet (worn)
Scrolls
 b - a scroll of torment {unknown}


   Skills:
 + Level 2.1 Dodging
 + Level 1.5 Stealth
 + Level 3.4 Spellcasting


You couldn't memorise any spells.
You knew the following spells:

 Your Spells              Type           Power      Damage    Failure   Level
a - Magic Dart            Conj           64%        1d6       3%          1
b - Searing Ray           Conj           32%        2d5       5%          2
c - Dazzling Flash        Conj/Hex       32%        N/A       11%         3
d - Fulminant Prism       Conj/Hex       8%         3d7       34%         4
e - Iskenderun's Mystic   Conj/Tloc      16%        2d5       34%         4
Your spell library was empty.

Dungeon Overview and Level Annotations

Branches:
Dungeon (1/15)

Altars:
Zin


Innate Abilities, Weirdness & Mutations

You are immune to sickness and miasma.
You are immune to poison.
Your flesh is very heat resistant. (rF++)
You are vulnerable to cold. (rC-)
You float through the air rather than walking.
You learn spells naturally, not from books.
Your magical power is your life essence.
You have superior vitality. (+4 MHP)


Message History

There is an open door here.
b - a scroll labelled QIRHEHUCRA
Found a helmet.
You see here a +0 helmet.
c - a +0 helmet Cast which spell? (? or * to list)
Okay, then.
You start putting on your armour.
You continue putting on your +0 helmet. x4
You finish putting on your +0 helmet.
Cast which spell? (? or * to list)
Okay, then.
You reach down and open the door.
There is an open door here.
Found 5 stones.
A ball python comes into view.
The magic dart hits the ball python.
You kill the ball python!
HP restored.
A frilled lizard comes into view.
The magic dart hits the frilled lizard.
You kill the frilled lizard!
A giant cockroach comes into view.
Found two leather armours.
Found a faded altar of an unknown god.
The magic dart hits the giant cockroach.
The giant cockroach is severely wounded.
The magic dart hits the giant cockroach.
You kill the giant cockroach!
A bat comes into view.
A bat comes into view.
Found a scroll labelled SOELUCH UREURE.
The magic dart hits the bat.
The bat is severely wounded.
The magic dart hits the bat.
You kill the bat!
There is a faded altar of an unknown god here.
You cannot tell which god this altar belongs to.
Convert to them anyway?
Zin accepts your prayer! Zin welcomes you!
You can now donate money to Zin.
You can now recite Zin's Axioms of Law.
Are you sure you want to abandon this character and quit the game? (Confirm with "yes".)

..#.....#....#
..#.....#.[..#
..#.....#.... #
..#.....##.#####.#
..#..............#
..#...†##.....####
.
..#.#####†.......#
... ....#
#.##.....##.....
#####
#.##....@....... #
#.........#.#.##
#####..†..# #
.........
.........#..
.........#...
........?# ..
.....##### ...


There were no monsters in sight!

Vanquished Creatures
  A ball python (D:1)
  A giant cockroach (D:1)
  A bat (D:1)
  A frilled lizard (D:1)
4 creatures vanquished.

Notes
Turn   | Place    | Note
-------+----------+-------------------------------------------
     0 | D:1      | javelincjr the Djinni Conjurer began the quest for the Orb.
     0 | D:1      | javelincjr set off with the following spells memorised:
                  | Magic Dart, Searing Ray, Dazzling Flash, Fulminant Prism,
                  | Iskenderun's Mystic Blast.
     0 | D:1      | Reached XP level 1. HP: 15/15 MP: 0/0
   140 | D:1      | Found a faded altar of an unknown god.
   152 | D:1      | Prayed at the altar of an unknown god.
   152 | D:1      | Became a worshipper of Zin the Law-Giver
   152 | D:1      | Reached * piety under Zin
   153 | D:1      | Quit the game

Illustrated notes

Levels and vault maps discovered:
D:1:      evilmike_arrival_rings, layout_basic, basic_ecumenical_altar,
          minmay_misc_feat_rugged, minmay_bisected

Action                   || total
-------------------------++-------
 Cast: Magic Dart        ||     6
